 Dungeon Crawl Stone Soup version bcrawl-1.27.3 (webtiles) character file.

Game seed: 13538569164621505924

89084 hurricos the Chopper (level 2, -2/17 HPs)
             Began as a Skeleton Sloth Apostle on Oct 10, 2020.
             Was an Initiate of Cheibriados.
             Slain by an orc (3 damage)
             ... on level 2 of the Dungeon.
             The game lasted 00:00:47 (1097 turns).

hurricos the Chopper (Skeleton Sloth Apostle)       Turns: 1097, Time: 00:00:48

Health: -2/17      AC:  2    Str: 18 (19) XL:     2   Next: 65%
Magic:  0/4        EV:  6    Int: 11      God:    Cheibriados [......]
Gold:   19         SH:  8    Dex:  6 (9)  Spells: 3/4 levels left

rFire    . . .     SeeInvis .   a - +0 hand axe
rCold    + . .     Gourm    .   c - +0 medium shield
rNeg     + + +     Faith    .   b - +0 robe
rPois    ∞         Spirit   +   (no helmet)
rElec    .         Reflect  .   (no cloak)
rCorr    .         Harm     .   (no gloves)
MR       .....                  (no boots)
Stlth    ++........             (no amulet)
HPRegen  0.05/turn              (no ring)
MPRegen  0.09/turn              (no ring)

@: very slow
A: no food or potions, cold resistance 1, deterioration 1, negative energy
resistance 3, torment resistance, unbreathing, magic shield, sturdy frame 1,
spell healing
a: Bend Time, Renounce Religion


You were on level 2 of the Dungeon.
You worshipped Cheibriados.
Cheibriados was noncommittal.
You were not hungry.

You visited 1 branch of the dungeon, and saw 2 of its levels.

You collected 19 gold pieces.

Inventory:

Hand Weapons
 a - a +0 hand axe (weapon)
Armour
 b - a +0 robe (worn)
 c - a +0 medium shield (worn)
Wands
 d - a wand of paralysis (10)
Scrolls
 e - a scroll of enchant weapon {unknown}
 f - 4 scrolls of identify


   Skills:
 - Level 2.0 Fighting
 * Level 3.7 Axes
 - Level 3.6 Stealth
 + Level 2.8 Shields
 - Level 1.5 Spellcasting
 - Level 1.1 Hexes
 - Level 0.8 Evocations


You had 3 spell levels left.
You knew the following spells:

 Your Spells              Type           Power        Failure   Level  Hunger
a - Slow                  Hex            #.......     98%         1    N/A
Your spell library was empty.

Dungeon Overview and Level Annotations

Branches:
Dungeon (2/12)

Altars:


Innate Abilities, Weirdness & Mutations

You do not eat or drink.
You are immune to poison.
Your flesh is cold resistant. (rC+)
Your body sometimes deteriorates upon taking damage.
You are immune to negative energy. (rN+++)
You are immune to unholy pain and torment.
You can survive without breathing.
When hurt, damage is shared between your health and your magic reserves.
Your movements are slightly less encumbered by armour. (ER -2)
Casting spells heals you.


Message History

You block the orc's attack. You block the gnoll's attack.
You can't drink.
Unknown command.
The orc hits you. The gnoll hits you with a +0 spear.
You barely miss the gnoll. You hit the orc but do no damage. The orc hits you.
The gnoll hits you with a +0 spear.
* * * LOW HITPOINT WARNING * * *
Your body deteriorates!
You feel clumsy. The orc hits you but does no damage.
You barely miss the gnoll. You closely miss the orc.
You block the gnoll's attack. The orc hits you.
* * * LOW HITPOINT WARNING * * *
You block the gnoll's attack.
You hit the gnoll but do no damage. You closely miss the orc.
A bat comes into view.
You block the orc's attack. You block the gnoll's attack.
You hit the gnoll but do no damage.
Your shield prevents you from hitting the orc.
The orc hits you.
You die...

##### .<..###
#.#...# .
#..##.#### #### ..
##.##....########
... ...
#.#####........##.#
.... #.#
########.@g.#..%..
#.# ##o........ #..
##.###... ## #....#
. #.##.. #^ #... #
#...# #.... #...##


You could see a gnoll and an orc.

Vanquished Creatures
  An ooze (D:1)
  A leopard gecko (D:1)
  2 bats (D:1)
  2 giant cockroaches (D:1)
  A hobgoblin (D:1)
  3 jackals (D:1)
  A kobold (D:1)
  A frilled lizard (D:1)
  3 rats (D:1)
15 creatures vanquished.

Notes
Turn   | Place    | Note
-------+----------+-------------------------------------------
     0 | D:1      | hurricos the Skeleton Sloth Apostle began the quest for the
                  | Orb.
     0 | D:1      | Reached XP level 1. HP: 12/12 MP: 3/3
   264 | D:1      | Reached XP level 2. HP: 17/17 MP: 4/4
  1097 | D:2      | Slain by an orc

Skill      XL: |  1 |
---------------+----+-----
Axes           | 3 |  3.7
Fighting       | |  2.0
Stealth        | |  3.6
Shields        | |  2.8
Spellcasting   | |  1.5
Hexes          | |  1.1
Evocations     | |  0.8

Action                   || total
-------------------------++-------
Melee: Hand axe          ||    86
 Stab: Sleeping          ||     3
Armor: Robe              ||    24
Dodge: Dodged            ||    21
Block: Medium shield     ||    44
